 Dungeon Crawl Stone Soup version 0.31-a0-344-gd109795599 (webtiles) character file.

Game seed: 2230382266343485023

110 derpindaisy the Trooper (level 4, -2/55 HPs)
             Began as a Demonspawn Berserker on July 21, 2023.
             Was a Believer of Trog.
             Slain by an orc
             ... wielding a +0 flail
              (4 damage)
             ... on level 2 of the Dungeon.
             The game lasted 00:02:15 (1248 turns).

derpindaisy the Trooper (Demonspawn Berserker)      Turns: 1248, Time: 00:02:15

Health: -2/55      AC:  2    Str: 17    XL:     4   Next: 61%
Magic:  4/4        EV: 12    Int:  9    God:    Trog [**....]
Gold:   140        SH:  0    Dex: 14    Spells: 3/3 levels left

rFire   . . .        a - +0 spear
rCold   . . .        (no shield)
rNeg    . . .        b - +0 animal skin
rPois   .            (no helmet)
rElec   .            (no cloak)
rCorr   .            (no gloves)
SInv    .            (no boots)
Will    .....        (no amulet) Stlth
                     (no ring)
HPRegen 0.29/turn    (no ring)
MPRegen 0.09/turn

%: no passive effects
@: berserking, slowed
A: ignite blood 1
a: Renounce Religion, Berserk, Trog's Hand


You were on level 2 of the Dungeon.
You worshipped Trog.
Trog was pleased with you.
You visited 1 branch of the dungeon, and saw 2 of its levels.

You collected 140 gold pieces.

Inventory:

Hand Weapons
 a - a +0 spear (weapon)
Armour
 b - a +0 animal skin (worn)
Jewellery
 h - a +5 ring of evasion
Scrolls
 c - 3 scrolls of identify {unknown}
 e - a scroll of amnesia {unknown}
Potions
 d - a potion of curing
 i - a potion of might


   Skills:
 + Level 3.9 Fighting
 + Level 3.8 Polearms
 + Level 1.9 Armour
 + Level 2.3 Dodging
 + Level 0.5 Stealth


You had 3 spell levels left.
You didn't know any spells.
Your spell library was empty.

Dungeon Overview and Level Annotations

Branches:
Dungeon (2/15)

Altars:


Innate Abilities, Weirdness & Mutations

Your demonic aura sometimes causes spilled blood to erupt in flames.


Message History

You are too injured to fight recklessly!
You are too injured to fight recklessly!
You are too injured to fight recklessly!
Natasha attacks as you move away! Natasha claws you!
* * * LOW HITPOINT WARNING * * *
Reach: a) +0 spear
Press: ? - help, Dir - move target, f/p - Natasha
Aim: Natasha (severely wounded, about 44% to evade your +0 spear)
You reach to attack!
You hit Natasha.
Natasha is almost dead.
Natasha mumbles some strange words.
Reach: a) +0 spear
Press: ? - help, Dir - move target, f/p - Natasha
Aim: Natasha (almost dead, about 44% to evade your +0 spear)
You reach to attack!
You closely miss Natasha.
Natasha is almost dead.
You hit Natasha.
Natasha is almost dead.
Natasha claws you!
* * * LOW HITPOINT WARNING * * *
Natasha casts a spell at you.
You feel as though you will be slow longer.
You feel better. Natasha claws you!
* * * LOW HITPOINT WARNING * * *
A red film seems to cover your vision as you go berserk!
You feel yourself moving faster!
You feel mighty! Natasha claws you.
* * * LOW HITPOINT WARNING * * *
Natasha claws you.
* * * LOW HITPOINT WARNING * * *
You puncture Natasha!
You kill Natasha!
Trog accepts your kill.
Trog appreciates your killing of a magic user.
Natasha screams in fury as she dies!
The cerulean imp disappears in a puff of smoke!
You puncture the orc!
You kill the orc!
Trog accepts your kill.
You closely miss the orc. The orc hits you with a +0 flail.
You die...

#........ #........
############### #....# ######
####....# #...).
######>......# #.....
######...##.#.....# #.....
#...⌠...§##.#.....# #.....
#!........o@##....# #.....
##....)####.##...†# #.....
#....h..# #..#....# #.....
#....o.)..##.......# #.....
...........#.#..#..##########
....#§#....####.##...........
....≈_≈....+ #...###########
....#≈#...)# #..#.
...........# ## #.


You could see an orc.

Vanquished Creatures
  Natasha (twice) (D:2)
  An adder (D:2)
  2 dart slugs (D:1)
  2 orcs (D:2)
  2 ball pythons
  3 bats
  4 endoplasms
  A giant cockroach (D:1)
  4 goblins
  5 hobgoblins
  2 jackals (D:1)
  5 kobolds
  2 quokkas (D:1)
  A frilled lizard (D:1)
  4 rats
40 creatures vanquished.

Notes
Turn   | Place    | Note
-------+----------+-------------------------------------------
     0 | D:1      | derpindaisy the Demonspawn Berserker began the quest for
                  | the Orb.
     0 | D:1      | Reached XP level 1. HP: 18/18 MP: 1/1
    35 | D:1      | Gained mutation: Your demonic aura sometimes causes spilled
                  | blood to erupt in flames. [demonic ancestry]
    35 | D:1      | Reached XP level 2. HP: 24/24 MP: 2/2
   196 | D:1      | You fall into a shaft and drop 1 floor!
   617 | D:1      | Reached XP level 3. HP: 29/29 MP: 3/3
   795 | D:2      | Noticed Natasha
   808 | D:2      | Killed Natasha
   955 | D:2      | Reached ** piety under Trog
   962 | D:2      | Reached XP level 4. HP: 9/37 MP: 4/4
  1223 | D:2      | Noticed Natasha
  1245 | D:2      | HP: 2/55 [Natasha (1)]
  1246 | D:2      | Killed Natasha
  1248 | D:2      | Slain by an orc

Illustrated notes

Levels and vault maps discovered:
D:1:      saegor_arrival_simple_b, layout_loops_cross, minmay_pentomino_r2
D:2:      layout_basic, hellmonk_ecumenical_altar_defaced_shrine,
          minmay_3d_cube, uniq_natasha

Skill      XL: |  1  2  3 |
---------------+----------+-----
Polearms       | 3 |  3.8
Dodging        | 2 |  2.3
Fighting       | |  3.9
Armour         | |  1.9
Stealth        | |  0.5

Action                     |  1- 3 |  4- 6 || total
---------------------------+-------+-------++-------
  Melee: Spear             |   108 |    31 ||   139
         Punch             |       |     1 ||     1
 Invoke: Berserk           |       |     1 ||     1
    Use: Potion            |     3 |     1 ||     4
         Scroll            |     3 |       ||     3
   Stab: Sleeping          |     4 |       ||     4
 Armour: Animal skin       |    18 |       ||    18
  Dodge: Dodged            |    59 |    11 ||    70

Table legend: (Time is in decaauts)
 A = Elapsed time spent in this place.
 B = Non-inter-level travel time spent in this place.
 C = Inter-level travel time spent in this place.
 D = Time resting spent in this place.
 E = Time spent auto-exploring this place.
 F = Levels seen in this place.
 G = Mean time per level.
                   A        B        C        D        E       F      G
               +--------+--------+--------+--------+--------+-----+--------+
         Total |   1253 |   1244 |      9 |    317 |    667 |   2 |  626.5 |
       Dungeon |   1253 |   1244 |      9 |    317 |    667 |   2 |  626.5 |
               +--------+--------+--------+--------+--------+-----+--------+

Top non-repeatable levels by time:
     D:1: 742 daAuts
     D:2: 511 daAuts
